 Dungeon Crawl Stone Soup version 0.19.5 (webtiles) character file.

10150 spiff the Fighter (level 11, -5/90 HPs)
             Began as a Mummy Wizard on Apr 5, 2017.
             Was an Initiate of Gozag.
             Slain by a warg (6 damage)
             ... on level 9 of the Dungeon on Apr 6, 2017.
             The game lasted 01:06:26 (18158 turns).

spiff the Fighter (Mummy Wizard)                   Turns: 18158, Time: 01:06:26

Health: -5/90      AC:  8    Str: 12    XL:     11   Next: 32%
Magic:  11/19      EV: 14    Int: 20    God:    Gozag
Gold:   1126       SH:  6    Dex: 10    Spells: 5 memorised, 9 levels left

rFire  . . .     SeeInvis .     o - +1 dagger (elec)
rCold  + . .     Gourm    .     q - +2 leather armour {rF+}
rNeg   + + +     Faith    .     (no shield)
rPois  ∞         Spirit   .     b - +0 hat
rElec  .         Reflect  +     f - +2 cloak
rCorr  .         Harm     .     (no gloves)
MR     ++...                    (no boots)
Stlth  +.........               v - +6 amulet of reflection
                                j - ring of protection from magic
                                g - ring of flight

@: no status effects
A: no food or potions, fire vulnerability, cold resistance 1, negative energy
resistance 3, torment resistance, unbreathing
a: Potion Petition, Call Merchant, Bribe Branch, Renounce Religion, Evoke Flight


You were on level 9 of the Dungeon.
You worshipped Gozag.
Gozag was most pleased with you.
You were not hungry.

You visited 4 branches of the dungeon, and saw 12 of its levels.

You collected 1799 gold pieces.
You paid 673 gold pieces to Gozag.

Inventory:

Hand Weapons
 e - a +0 whip
 o - a +1 dagger of electrocution (weapon)
Armour
 a - a +0 robe
 b - a +0 hat (worn)
 f - a +2 cloak (worn)
 q - a +2 leather armour of fire resistance (worn)
Jewellery
 g - a ring of flight (left hand)
 j - a ring of protection from magic (right hand)
 l - an uncursed amulet of harm
 n - an uncursed amulet of magic regeneration
 u - an uncursed ring of ice
 v - a +6 amulet of reflection (around neck)
Wands
 r - a wand of iceblast (9/15)
 t - a wand of polymorph (7/24)
 x - a wand of paralysis (5/24)
 y - a wand of flame (18/48)
 z - a wand of iceblast (8/15)
 A - a wand of flame (20/48)
Scrolls
 d - 5 scrolls of identify
 h - a scroll of recharging
 i - 7 scrolls of remove curse
 k - 3 scrolls of amnesia
 m - 4 scrolls of teleportation
 p - 2 scrolls of fear
Books
 c - a book of Minor Magic

   Spells                             Type                      Level
   a - Magic Dart                     Conjuration                  1
   b - Blink                          Translocation                2
   c - Call Imp                       Summoning                    2
   d - Repel Missiles                 Charms/Air                   2
   e - Slow                           Hexes                        2
   f - Conjure Flame                  Conjuration/Fire             3
   g - Mephitic Cloud                 Conjuration/Poison/Air       3
 s - a book of Conjurations

   Spells                             Type                      Level
   a - Magic Dart                     Conjuration                  1
   b - Searing Ray                    Conjuration                  2
   c - Dazzling Spray                 Conjuration/Hexes            3
   d - Fulminant Prism                Conjuration/Hexes            4
   e - Iskenderun's Mystic Blast      Conjuration                  4
   f - Iskenderun's Battlesphere      Conjuration/Charms           5
 w - a book of Maledictions

   Spells                             Type                      Level
   a - Corona                         Hexes                        1
   b - Ensorcelled Hibernation        Hexes/Ice                    2
   c - Confuse                        Hexes                        3
   d - Tukima's Dance                 Hexes                        3
   e - Dazzling Spray                 Conjuration/Hexes            3


   Skills:
 - Level 10.0 Fighting
 - Level 7.0 Dodging
 - Level 1.5 Stealth
 - Level 5.4 Spellcasting
 + Level 8.1 Conjurations
   Level 0.7 Summonings
 - Level 0.7 Translocations
 - Level 2.1 Fire Magic
 - Level 2.2 Air Magic
 - Level 3.6 Poison Magic


You had 9 spell levels left.
You knew the following spells:

 Your Spells              Type           Power        Failure   Level  Hunger
a - Magic Dart            Conj           ####         1%          1    N/A
b - Mephitic Cloud        Conj/Pois/Air  ###.....     8%          3    N/A
c - Conjure Flame         Conj/Fire      ####....     8%          3    N/A
d - Blink                 Tloc           N/A          17%         2    N/A
e - Searing Ray           Conj           #####.       1%          2    N/A

Dungeon Overview and Level Annotations

Branches:
Dungeon (9/15)             Temple (1/1) D:4            Lair (1/6) D:9
    Orc (1/2) D:9

Altars:
Ashenzari
Cheibriados
Dithmenos
Elyvilon
Fedhas
Gozag
Hepliaklqana
Kikubaaqudgha
Makhleb
Nemelex Xobeh
Okawaru
Qazlal
Ru
Sif Muna
Trog
Uskayaw
Vehumet
Xom
Yredelemnul
Zin
The Shining One

Shops:
D:5 (   D:7 !   Lair:1 :


Innate Abilities, Weirdness & Mutations

You do not eat or drink.
Your flesh is vulnerable to fire.
You are immune to poison.
Your flesh is cold resistant. (rC+)
You are immune to negative energy. (rN+++)
You are immune to unholy pain and torment.
You can survive without breathing.


Message History

* * * LOW HITPOINT WARNING * * *
You hit the warg but do no damage.
The warg is severely wounded.
The warg misses you. You block the warg's attack.
You barely miss the warg.
The warg is severely wounded.
The warg barely misses you.
You closely miss the warg.
The warg is severely wounded.
The warg bites you!
* * * LOW HITPOINT WARNING * * *
You closely miss the warg.
The warg is severely wounded.
The warg bites you.
* * * LOW HITPOINT WARNING * * *
You barely miss the warg.
The warg is severely wounded.
You block the warg's attack. The warg bites you.
You die...
Your body crumbles into a pile of gold.

...8......#......................
..........###.#.............).[..
..........##..#.........[........
......[.......#........#######[(.
...>.....8.)..'(.......#.....#..(
.........(.####........#....>#...
..........#............#.....#...
..........#....#########.....'...
...8......#....#@.....##'#####...
#.....#####....h......#..........
........#......#..#####..........
.....o..#......#### #.......###
#.##.##.#......# #.......#
#'##.##.###....# #.......#
......#...#....# #.......#
......3.o.#....# #.......#
......#...#....# #.......#


You could see a warg.

Vanquished Creatures
  Erica (D:9)
  Joseph (D:7)
  Grinder (D:3)
  2 hippogriffs (D:9)
  Sigmund (D:3)
  5 yaks
  A human (D:7)
  3 hogs (D:7)
  Eustachio (D:6)
  Grum (D:9)
  5 hungry ghosts
  Edmund (D:5)
  A hill giant zombie (D:9)
  A hell hound (D:9)
  Duvessa (D:6)
  3 orc warriors
  2 sky beasts
  A black bear (D:6)
  3 ice beasts
  8 phantoms
  3 ogres
  4 wolves
  7 centaurs
  A big kobold (D:7)
  Blork the orc (D:6)
  7 bullfrogs
  Dowan (D:6)
  A water moccasin zombie (D:8)
  A wyvern skeleton (D:9)
  3 scorpions
  4 killer bees (D:8)
  2 troll zombies (D:9)
  7 howler monkeys
  4 crimson imps
  6 hounds
  3 jellies
  8 orc priests
  A bullfrog skeleton (D:9)
  Terence (D:3)
  6 iguanas
  9 orc wizards
  10 worker ants
  5 ogre zombies (D:9)
  3 hound zombies
  3 hound skeletons
  2 howler monkey skeletons (D:8)
  13 adders
  2 shadow imps
  An adder skeleton (D:5)
  7 worms
  2 dart slugs
  5 leopard geckos
  40 orcs
  6 giant cockroaches
  4 goblins
  10 hobgoblins
  7 jackals
  16 kobolds
  A quokka (D:4)
  5 bats
  5 frilled lizards
  3 goblin skeletons (D:9)
  A goblin zombie (D:9)
  2 hobgoblin zombies (D:9)
  A jackal zombie (D:7)
  2 leopard gecko skeletons (D:4)
  2 orc skeletons (D:9)
  16 orc zombies (D:9)
  2 quokka skeletons
  A quokka zombie (D:6)
  6 rats
306 creatures vanquished.

Vanquished Creatures (others)
  A centaur (D:8)
  2 plants (Lair:1)
3 creatures vanquished.

Grand Total: 309 creatures vanquished

Notes
Turn   | Place    | Note
-------+----------+-------------------------------------------
     0 | D:1      | spiff the Mummy Wizard began the quest for the Orb.
     0 | D:1      | Reached XP level 1. HP: 13/13 MP: 4/4
    83 | D:1      | Reached skill level 1 in Conjurations
   219 | D:1      | Reached skill level 1 in Fighting
   219 | D:1      | Reached XP level 2. HP: 20/21 MP: 0/6
  1145 | D:1      | Reached XP level 3. HP: 26/26 MP: 0/7
  1541 | D:2      | Reached skill level 2 in Fighting
  1756 | D:2      | Reached XP level 4. HP: 29/34 MP: 0/8
  2277 | D:2      | Found a radiant altar of Vehumet.
  2496 | D:3      | Learned a level 3 spell: Mephitic Cloud
  2500 | D:3      | Learned a level 3 spell: Conjure Flame
  2503 | D:3      | Learned a level 2 spell: Blink
  2506 | D:3      | Noticed Terence
  2881 | D:3      | Found an ancient bone altar of Kikubaaqudgha.
  2957 | D:3      | Noticed Sigmund
  2983 | D:3      | Noticed Grinder
  3481 | D:4      | Reached skill level 3 in Fighting
  3481 | D:4      | Reached XP level 5. HP: 32/41 MP: 0/9
  3935 | D:4      | Found a hide-covered altar of Uskayaw.
  4325 | D:4      | Reached skill level 1 in Air Magic
  4361 | D:4      | Reached XP level 6. HP: 33/47 MP: 3/10
  4456 | D:4      | Found a staircase to the Ecumenical Temple.
  4469 | Temple   | Entered the Ecumenical Temple
  4654 | D:4      | Found a stormy altar of Qazlal.
  4654 | D:4      | Found a shadowy altar of Dithmenos.
  4660 | D:4      | Reached skill level 1 in Fire Magic
  4782 | D:4      | Found a faded altar of an unknown god.
  4784 | D:4      | Found a deep blue altar of Sif Muna.
  4785 | D:4      | Found a basalt altar of Yredelemnul.
  4936 | D:5      | Entered Level 5 of the Dungeon
  5177 | D:5      | Reached skill level 4 in Fighting
  5357 | D:5      | Found Ylaus's Weapon Emporium.
  5374 | D:5      | Noticed Edmund
  5458 | D:5      | Found a sparkling altar of Nemelex Xobeh.
  5619 | D:4      | Reached XP level 7. HP: 39/54 MP: 5/11
  6730 | D:5      | Killed Edmund
  7281 | D:5      | Reached skill level 5 in Fighting
  7281 | D:5      | Reached XP level 8. HP: 53/62 MP: 2/12
  7538 | D:6      | Reached skill level 5 in Conjurations
  7622 | D:6      | Noticed Eustachio
  7629 | D:6      | Killed Eustachio
  7652 | D:6      | Noticed Blork the orc
  7777 | D:6      | Reached skill level 1 in Poison Magic
  7781 | D:6      | Noticed Duvessa
  7800 | D:6      | Noticed Dowan
  8222 | D:6      | Found a white marble altar of Elyvilon.
  8607 | D:6      | Killed Duvessa
  8621 | D:6      | Killed Dowan
  8734 | D:6      | Reached XP level 9. HP: 68/68 MP: 8/13
  8784 | D:6      | Killed Blork the orc
  8784 | D:6      | Reached skill level 5 in Dodging
  9182 | D:6      | Found an opulent altar of Gozag.
  9215 | D:6      | Became a worshipper of Gozag Ym Sagoz the Greedy
  9748 | D:7      | Found Hippusof's Distillery.
  9772 | D:7      | Reached skill level 6 in Fighting
 10065 | D:7      | Noticed Joseph
 10416 | D:7      | Reached skill level 5 in Spellcasting
 10471 | D:7      | Killed Joseph
 10471 | D:7      | Reached skill level 7 in Fighting
 10526 | D:7      | Found a glowing silver altar of Zin.
 10527 | D:7      | Found a snail-covered altar of Cheibriados.
 10721 | D:7      | Reached XP level 10. HP: 49/79 MP: 15/18
 11164 | D:8      | Reached skill level 8 in Fighting
 12273 | D:9      | Noticed Erica
 13019 | D:9      | Reached skill level 9 in Fighting
 13500 | D:9      | Noticed Grum
 13635 | D:9      | Noticed a skeletal warrior
 13970 | D:9      | Killed Grum
 14179 | D:9      | Noticed a skeletal warrior
 14612 | D:9      | Identified a scroll of acquirement
 14867 | D:9      | Noticed a skeletal warrior
 14868 | D:9      | Noticed a skeletal warrior
 15235 | D:9      | Found a staircase to the Orcish Mines.
 15472 | D:9      | Reached skill level 10 in Fighting
 15586 | D:9      | Found a staircase to the Lair.
 15601 | Lair:1   | Entered Level 1 of the Lair of Beasts
 15836 | Lair:1   | Noticed a seven-headed hydra
 15943 | Lair:1   | Noticed a four-headed hydra
 16319 | D:9      | Killed Erica
 16319 | D:9      | Reached XP level 11. HP: 90/90 MP: 15/19
 16656 | D:9      | Found a hazy altar of Hepliaklqana.
 17305 | D:9      | Noticed a skeletal warrior
 17605 | D:3      | Killed Sigmund
 17667 | D:3      | Paralysed by Grinder for 4 turns
 17669 | D:3      | Killed Terence
 17684 | D:3      | Killed Grinder
 18061 | D:9      | Learned a level 2 spell: Searing Ray
 18103 | Orc:1    | Entered Level 1 of the Orcish Mines
 18103 | Orc:1    | Noticed an orc sorcerer
 18157 | D:9      | HP: 1/90 [warg (4)]
 18158 | D:9      | Slain by a warg

Skill      XL: |  1  2  3  4  5  6  7  8  9 10 11 |
---------------+----------------------------------+-----
Conjurations   | 1 2 3 4 5 6 8 |  8.1
Fighting       | 1 2 3 4 5 7 10 | 10.0
Air Magic      | 1 2 |  2.2
Fire Magic     | 1 2 |  2.1
Dodging        | 2 4 5 7 |  7.0
Poison Magic   | 3 |  3.6
Spellcasting   | 5 |  5.4
Stealth        | |  1.5
Summonings     | |  0.7
Translocations | |  0.7

Action                   |  1- 3 |  4- 6 |  7- 9 | 10-12 || total
-------------------------+-------+-------+-------+-------++-------
Melee: Whip              |    18 |   109 |    24 |       ||   151
       Unarmed           |     2 |       |       |       ||     2
       Dagger            |       |       |   282 |   419 ||   701
 Cast: Magic Dart        |    96 |   156 |   218 |   340 ||   810
       Mephitic Cloud    |       |    15 |    34 |    41 ||    90
       Conjure Flame     |       |       |     2 |     9 ||    11
       Blink             |       |       |       |     5 ||     5
       Searing Ray       |       |       |       |     1 ||     1
Invok: Call Merchant     |       |       |       |     1 ||     1
  Use: Scroll            |       |     7 |     2 |     5 ||    14
 Stab: Sleeping          |       |     2 |     2 |       ||     4
       Confused          |       |     5 |    21 |    16 ||    42
       Distracted        |       |       |       |     1 ||     1
Armor: Robe              |     9 |    46 |    16 |       ||    71
       Leather armour    |       |       |    62 |    96 ||   158
Dodge: Dodged            |    10 |    96 |   164 |   197 ||   467
Block: Other             |       |       |       |    87 ||    87
       Reflection        |       |       |       |     3 ||     3
